 Dungeon Crawl Stone Soup version 0.31.0-11-ge490571c62 (webtiles) character file.

Game seed: 2097319108564624998

1029 indigowater the Chopper (level 8, -1/57 (67) HPs)
             Began as a Gnoll Berserker on Feb 3, 2024.
             Was a Believer of Trog.
             Slain by a gnoll
             ... wielding a +0 flail
              (4 damage)
             ... on level 5 of the Dungeon.
             The game lasted 00:19:24 (4299 turns).

indigowater the Chopper (Gnoll Berserker)           Turns: 4299, Time: 00:19:25

HP:   -1/57 (67)    AC: 15    Str: 20    XL:     8   Next: 23%
MP:   12/12         EV:  7    Int: 12    God:    Trog [**....]
Gold: 84            SH:  4    Dex: 11    Spells: 13/13 levels left

rFire   x . .        b - +4 short sword (drain)
rCold   + . .        j - +0 buckler
rNeg    . . .        q - +0 plate armour
rPois   .            (no helmet)
rElec   .            o - +0 cloak
rCorr   .            e - +0 pair of gloves
SInv    .            (no boots)
Will    .....        (no amulet) Stlth
                     k - +6 ring of intelligence
HPRegen 0.29/turn    u - ring of ice
MPRegen 0.13/turn

%: no passive effects
@: on berserk cooldown, slowed, heavily drained, very slow
A: fangs 1, strong nose, distributed training
a: Renounce Religion, Berserk, Trog's Hand


You were on level 5 of the Dungeon.
You worshipped Trog.
Trog was pleased with you.
You visited 1 branch of the dungeon, and saw 5 of its levels.

You collected 142 gold pieces.
You spent 58 gold pieces at shops.

Inventory:

Hand Weapons
 a - a +0 hand axe
 b - a +4 short sword of draining (weapon)
 h - a +0 rapier of draining
 m - a +0 hammer
 n - a +3 quarterstaff of chaos
 t - a +0 war axe
 v - a +0 flail of protection
Missiles
 g - 3 poisoned darts (quivered)
 i - 23 stones
Armour
 e - a +0 pair of gloves (worn)
 j - a +0 buckler (worn)
 o - a +0 cloak (worn)
 q - a +0 plate armour (worn)
Jewellery
 k - a +6 ring of intelligence (left hand)
 u - a ring of ice (right hand)
Wands
 l - a wand of flame (16)
 r - a wand of roots (23)
Scrolls
 c - a scroll of amnesia
Potions
 d - 2 potions of curing
 f - 2 potions of attraction {unknown}
 p - 2 potions of heal wounds {unknown}
 w - a potion of brilliance {unknown}


   Skills:
 + Level 7.3 Fighting
 + Level 3.2 Short Blades
 + Level 3.2 Long Blades
 + Level 7.3 Axes
 + Level 3.2 Maces & Flails
 + Level 3.2 Polearms
 + Level 3.2 Staves
 + Level 3.2 Ranged Weapons
 + Level 3.2 Throwing
 + Level 5.6 Armour
 + Level 5.6 Dodging
 + Level 3.2 Stealth
 + Level 3.2 Shields
 + Level 3.2 Unarmed Combat
 + Level 3.2 Spellcasting
 + Level 2.6 Conjurations
 + Level 2.6 Hexes
 + Level 2.6 Summonings
 + Level 2.6 Necromancy
 + Level 2.6 Translocations
 + Level 2.6 Fire Magic
 + Level 2.6 Ice Magic
 + Level 2.6 Air Magic
 + Level 2.6 Earth Magic
 + Level 2.6 Alchemy
 + Level 3.5 Invocations
 + Level 3.2 Evocations
 + Level 2.9 Shapeshifting


You had 13 spell levels left.
You didn't know any spells.
Your spell library was empty.

Dungeon Overview and Level Annotations

Branches:
Dungeon (5/15)
 Temple: D:4-7

Altars:
Hepliaklqana

Shops:
D:3 [?


Innate Abilities, Weirdness & Mutations

You have very sharp teeth.
Your uncanny sense of smell can sniff out nearby items.
Your experience applies equally to all skills.


Message History

The gnoll hits you but does no damage. x2
The iguana bites you but does no damage.
The gnoll hits you but does no damage. x2; You block the gnoll's attack.
You hit the iguana but do no damage. You drain the iguana.
You kill the iguana!
Trog accepts your kill. The gnoll hits you with a +0 flail.
The gnoll hits you but does no damage. x2
You feel drained. The gnoll hits you with a +0 whip.
Okay, then.
You barely miss the gnoll.
The gnoll is heavily wounded.
Your skin stops crawling.
You feel less strong-willed.
The gnoll hits you but does no damage. x2; The gnoll closely misses you.
The gnoll hits you but does no damage. The gnoll hits you with a +0 flail.
You hit the gnoll.
You kill the gnoll!
Trog accepts your kill.
The gnoll hits you from afar with a +0 halberd.
The gnoll closely misses you. The gnoll hits you with a +0 flail!
* * * LOW HITPOINT WARNING * * *
The gnoll barely misses you.
The gnoll hits you with a +1 whip of draining.
* * * LOW HITPOINT WARNING * * *
You feel drained.
* * * LOW HITPOINT WARNING * * *
You feel better. The gnoll completely misses you.
The gnoll hits you from afar with a +0 halberd!
* * * LOW HITPOINT WARNING * * *
The gnoll barely misses you. You block the gnoll's attack.
You hit the gnoll but do no damage.
The gnoll hits you from afar with a +0 halberd.
* * * LOW HITPOINT WARNING * * *
The gnoll closely misses you. You block the gnoll's attack.
The gnoll hits you but does no damage.
The gnoll hits you with a +1 whip of draining.
* * * LOW HITPOINT WARNING * * *
You feel drained.
* * * LOW HITPOINT WARNING * * *
The gnoll hits you with a +0 flail.
You die...

#....####... #....
#......#...##.....
#..........#....#
#.........#....# .!
##....##.......# ..g
##.....###.....# #...
#......##.....## #.(..
##.........##..)## #.(...
.......)..####@.g####(....#
.#######..# ##g..........#
. #..# ##.g.......## ..
#..# #..)...#..# ... #..#
##........# #... #.##
#........# #...###.##
#........# #.......##
##.......##. #........###
#.....>....


You could see 3 gnolls.

Vanquished Creatures
  Eustachio (D:4)
  Duvessa (D:5)
  An ice beast (D:4)
  An ogre (D:5)
  Blork the orc (D:4)
  A bullfrog (D:4)
  A scorpion (D:5)
  Dowan (D:5)
  A bombardier beetle (D:4)
  A hound (D:4)
  Crazy Yiuf (D:2)
  Ijyb (D:4)
  3 iguanas
  2 adders
  5 gnolls
  An ufetubus (D:4)
  3 dart slugs
  3 ribbon worms
  7 orcs
  7 bats
  5 endoplasms
  4 giant cockroaches
  7 goblins
  8 hobgoblins
  3 jackals (D:3)
  3 quokkas
  12 ball pythons
  5 frilled lizards
  7 kobolds
  4 rats
101 creatures vanquished.

Notes
Turn   | Place    | Note
-------+----------+-------------------------------------------
     0 | D:1      | indigowater the Gnoll Berserker began the quest for the
                  | Orb.
     0 | D:1      | Reached XP level 1. HP: 23/23 MP: 1/1
    66 | D:1      | Reached XP level 2. HP: 29/29 MP: 2/2
   498 | D:1      | Reached XP level 3. HP: 30/35 MP: 3/3
  1026 | D:1      | Reached skill level 1 in Invocations
  1500 | D:2      | Found a runed translucent door.
  1501 | D:2      | Noticed Crazy Yiuf
  1541 | D:2      | Reached ** piety under Trog
  1557 | D:2      | Found a hazy altar of Hepliaklqana.
  1602 | D:2      | Reached skill level 1 in Short Blades
  1602 | D:2      | Reached skill level 1 in Long Blades
  1602 | D:2      | Reached skill level 1 in Maces & Flails
  1602 | D:2      | Reached skill level 1 in Polearms
  1602 | D:2      | Reached skill level 1 in Staves
  1602 | D:2      | Reached skill level 1 in Ranged Weapons
  1602 | D:2      | Reached skill level 1 in Throwing
  1602 | D:2      | Reached skill level 1 in Stealth
  1602 | D:2      | Reached skill level 1 in Shields
  1602 | D:2      | Reached skill level 1 in Unarmed Combat
  1602 | D:2      | Reached skill level 1 in Spellcasting
  1602 | D:2      | Reached skill level 1 in Evocations
  1756 | D:2      | Reached skill level 1 in Shapeshifting
  1756 | D:2      | Reached XP level 4. HP: 41/41 MP: 5/5
  2026 | D:2      | Killed Crazy Yiuf
  2027 | D:2      | Reached skill level 1 in Conjurations
  2027 | D:2      | Reached skill level 1 in Hexes
  2027 | D:2      | Reached skill level 1 in Summonings
  2027 | D:2      | Reached skill level 1 in Necromancy
  2027 | D:2      | Reached skill level 1 in Translocations
  2027 | D:2      | Reached skill level 1 in Fire Magic
  2027 | D:2      | Reached skill level 1 in Ice Magic
  2027 | D:2      | Reached skill level 1 in Air Magic
  2027 | D:2      | Reached skill level 1 in Earth Magic
  2027 | D:2      | Reached skill level 1 in Alchemy
  2535 | D:3      | Found Cozorch's Armour Shoppe.
  2579 | D:3      | Reached XP level 5. HP: 47/47 MP: 7/7
  2928 | D:3      | Found Itzivy's Magic Scroll Emporium.
  3152 | D:3      | Bought a +0 pair of gloves for 58 gold pieces
  3250 | D:4      | Noticed Ijyb
  3257 | D:4      | Killed Ijyb
  3398 | D:4      | Reached XP level 6. HP: 50/53 MP: 8/8
  3450 | D:4      | Reached skill level 5 in Armour
  3450 | D:4      | Reached skill level 5 in Dodging
  3502 | D:4      | Noticed Blork the orc
  3513 | D:4      | Killed Blork the orc
  3583 | D:4      | Noticed an ice beast
  3608 | D:4      | Killed an ice beast
  3609 | D:4      | Reached XP level 7. HP: 57/60 MP: 10/10
  3960 | D:4      | Noticed Eustachio
  3975 | D:4      | Killed Eustachio
  4166 | D:5      | Entered Level 5 of the Dungeon
  4201 | D:5      | Noticed Dowan
  4202 | D:5      | Noticed Duvessa
  4206 | D:5      | Killed Dowan
  4212 | D:5      | Killed Duvessa
  4213 | D:5      | Reached XP level 8. HP: 67/67 MP: 12/12
  4299 | D:5      | Slain by a gnoll

Illustrated notes

Levels and vault maps discovered:
D:1:      ncdulo_lavacross, layout_basic
D:2:      layout_loops_ring, basic_altar, uniq_crazy_yiuf_cottage
D:3:      layout_basic, serial_shops, shop, nicolae_shop_advertising_works
          [nicolae_subvault_shop_adworks]
D:4:      layout_loops_ring, minmay_bent, uniq_eustachio, uniq_blork_the_orc,
          uniq_ijyb
D:5:      minmay_goblin_kobold_castle, layout_layer_cave,
          minmay_misc_feat_diagonals, uniq_duvessa, uniq_prince_ribbit1

Skill      XL: |  1  2  3  4  5  6  7 |
---------------+----------------------+-----
Invocations    | 1 2 3 |  3.5
Short Blades   | 1 2 3 |  3.2
Long Blades    | 1 2 3 |  3.2
Maces & Flails | 1 2 3 |  3.2
Polearms       | 1 2 3 |  3.2
Staves         | 1 2 3 |  3.2
Ranged Weapons | 1 2 3 |  3.2
Throwing       | 1 2 3 |  3.2
Stealth        | 1 2 3 |  3.2
Shields        | 1 2 3 |  3.2
Unarmed Combat | 1 2 3 |  3.2
Spellcasting   | 1 2 3 |  3.2
Evocations     | 1 2 3 |  3.2
Shapeshifting  | 1 2 |  2.9
Conjurations   | 1 2 |  2.6
Hexes          | 1 2 |  2.6
Summonings     | 1 2 |  2.6
Necromancy     | 1 2 |  2.6
Translocations | 1 2 |  2.6
Fire Magic     | 1 2 |  2.6
Ice Magic      | 1 2 |  2.6
Air Magic      | 1 2 |  2.6
Earth Magic    | 1 2 |  2.6
Alchemy        | 1 2 |  2.6
Armour         | 5 |  5.6
Dodging        | 5 |  5.6
Fighting       | 7 |  7.3
Axes           | 7 |  7.3

Action                     |  1- 3 |  4- 6 |  7- 9 || total
---------------------------+-------+-------+-------++-------
  Melee: Hand axe          |    61 |       |       ||    61
         Punch             |     2 |       |       ||     2
         Bite              |     7 |    12 |    11 ||    30
         Short sword       |    36 |   119 |    73 ||   228
         Rapier            |     5 |       |       ||     5
  Throw: Stone             |    21 |       |     2 ||    23
         Dart              |     2 |    14 |    11 ||    27
 Invoke: Berserk           |     1 |     6 |     3 ||    10
         Trog's Hand       |       |     1 |     4 ||     5
  Evoke: Wand              |       |       |     1 ||     1
    Use: Scroll            |     2 |     3 |     3 ||     8
         Potion            |       |       |     1 ||     1
 Armour: Scale mail        |    50 |    24 |       ||    74
         Plate armour      |       |   102 |   101 ||   203
  Dodge: Dodged            |    48 |    43 |    49 ||   140
  Block: Buckler           |     4 |    22 |    19 ||    45
